 Dungeon Crawl Stone Soup version 0.19-a0-1193-g2641e52 (webtiles) character file.

185779 Gorice the Spry (level 18, -7/134 HPs)
             Began as a Kobold Enchanter on Aug 19, 2016.
             Was the Champion of Okawaru.
             Mangled by a shambling mangrove (37 damage)
             ... on level 1 of the Swamp.
             The game lasted 05:10:24 (45526 turns).

Gorice the Spry (Kobold Enchanter)                 Turns: 45526, Time: 05:10:24

Health: -7/134     AC: 12    Str: 11    XL:     18   Next: 68%
Magic:  2/32       EV: 22    Int: 24    God:    Okawaru [******]
Gold:   1901       SH:  0    Dex: 17    Spells: 8 memorised, 17 levels left

rFire  + . .     SeeInvis .     a - +7 quick blade
rCold  . . .     Gourm    .     J - +2 robe {Archmagi}
rNeg   . . .     Faith    .     (shield restricted)
rPois  +         Spirit   .     y - +0 helmet
rElec  .         Dismiss  .     E - +1 cloak {rPois}
rCorr  .         Reflect  .     K - +2 pair of gloves {Str+3}
MR     +....     Harm     .     c - +0 pair of boots
Stlth  +++++++++.               O - amulet of Vitality {Regen+ HP+15}
                                w - ring "Nior" {Int+5 Stlth+}
                                Y - ring of flight

@: about to teleport, heroism, grasped by roots, very slow
A: carnivore 3, fire resistance 1
a: Heroism, Finesse, Renounce Religion, Evoke Flight
}: 1/15 runes: gossamer


You were on level 1 of the Swamp.
You worshipped Okawaru.
Okawaru was exalted by your worship.
You were completely stuffed.

You visited 6 branches of the dungeon, and saw 29 of its levels.
You also visited: Ossuary and Ice Cave.

You collected 2663 gold pieces.
You spent 762 gold pieces at shops.

Inventory:

Hand Weapons
 a - a +7 quick blade (weapon)
 f - a +3 scimitar of flaming
   (You found it on level 12 of the Dungeon)
 B - a +0 blowgun
Missiles
 r - 31 tomahawks (quivered)
 v - 9 curare-tipped needles
Armour
 c - a +0 pair of boots (worn)
 d - the +6 scale mail of Discretion {Regen+ rCorr, unknown}
   (Okawaru gifted it to you on level 1 of the Swamp)

   It increases your rate of regeneration.
   It protects you from acid and corrosion.
 y - a +0 helmet (worn)
 E - a +1 cloak of poison resistance (worn)
   (You found it on level 5 of the Lair of Beasts)
 J - a +2 robe of the Archmagi (worn)
   (You bought it in a shop on level 2 of the Orcish Mines)
 K - a +2 pair of gloves of strength (worn)
   (Okawaru gifted it to you on level 4 of the Lair of Beasts)
Jewellery
 k - a +3 ring of protection
 w - the ring "Nior" (right hand) {Int+5 Stlth+}
   (You found it on level 15 of the Dungeon)

   [ring of stealth]

   It affects your intelligence (+5).
   It makes you more stealthy.
 N - an uncursed ring of protection from magic
 O - the amulet of Vitality (around neck) {Regen+ HP+15}
   (You found it on level 6 of the Lair of Beasts)

   [amulet of regeneration]

   It affects your health (+15).
   It increases your rate of regeneration.
 R - the ring of Etry {+Blink SInv}
   (You found it on level 6 of the Lair of Beasts)

   [ring of see invisible]

   It lets you see invisible.
   It lets you blink.
 X - an uncursed ring of fire
 Y - a ring of flight (left hand)
Wands
 e - a wand of teleportation (8/9) {!d}
 g - a wand of acid (3/15)
 i - a wand of digging (21/24)
 L - a wand of iceblast (10/15)
 M - a wand of paralysis (5/24)
Scrolls
 h - 8 scrolls of remove curse
 n - 3 scrolls of identify
 F - 7 scrolls of blinking
 P - 3 scrolls of teleportation {!r}
 S - 4 scrolls of fog
Potions
 j - a potion of resistance {!q}
 m - 4 potions of magic {!q}
 o - 12 potions of curing
 q - 3 potions of ambrosia
 u - 2 potions of berserk rage
 z - 7 potions of might {!q}
 C - 3 potions of cancellation {!q}
 D - 4 potions of brilliance {!q}
 I - 9 potions of heal wounds {!q}
 T - 2 potions of haste {!q}
Miscellaneous
 t - a sack of spiders
Comestibles
 b - 4 chunks of flesh
 l - 13 meat rations {!e}
 x - 6 beef jerkies


   Skills:
 - Level 15.0(20.0) Fighting
 - Level 10.0(15.0) Short Blades
 + Level 16.2(21.2) Dodging
 - Level 12.0(17.0) Stealth
 - Level 10.0 Spellcasting
 + Level 15.1 Hexes
 - Level 3.6 Summonings
 - Level 3.5 Translocations
 - Level 9.0 Invocations
 - Level 12.0 Evocations


You had 17 spell levels left.
You knew the following spells:

 Your Spells              Type           Power        Failure   Level  Hunger
a - Corona                Hex            #######      0%          1    None
b - Confuse               Hex            #######.     1%          3    None
c - Ensorcelled Hibernat  Hex/Ice        ######       1%          2    None
d - Tukima's Dance        Hex            #######.     1%          3    None
e - Dazzling Spray        Conj/Hex       ######       1%          3    None
i - Invisibility          Hex            #######.     1%          6    ######.
A - Apportation           Tloc           #####.....   1%          1    None
B - Summon Butterflies    Summ           #####...     1%          1    None


Dungeon Overview and Level Annotations

Branches:
Dungeon (15/15)            Temple (1/1) D:7            Lair (6/6) D:11
  Swamp (1/4) Lair:3       Spider (4/4) Lair:3        Slime (0/5) Lair:6
    Orc (2/2) D:11            Elf (0/3) Orc:2        Vaults (0/5) D:14
 Depths (0/5) D:15

Altars:
Ashenzari
Cheibriados
Dithmenos
Elyvilon
Fedhas
Gozag
Hepliaklqana
Kikubaaqudgha
Makhleb
Nemelex Xobeh
Okawaru
Qazlal
Ru
Sif Muna
Trog
Uskayaw
Vehumet
Xom
Yredelemnul
Zin
The Shining One
Beogh
Jiyva

Shops:
D:4 (   Orc:2 *![*

Portals:
Trove: D:10 (give 6 potions of haste)

Annotations:
Lair:2 pUX: shafted here


Innate Abilities, Weirdness & Mutations

You are small and have problems with some larger weapons.
You are carnivorous and can eat meat at any time.
Your flesh is heat resistant. (rF+)


Message History

* * * LOW HITPOINT WARNING * * *
A wasp comes into view.
Damage: 8 (max 31)
The helpless wasp fails to defend itself.
You perforate the wasp like a sieve!!!!
You kill the wasp!
Okawaru accepts your kill.
Casting: Ensorcelled Hibernation
Confirm with . or Enter, or press ? or * to list all spells.
Aiming: Ensorcelled Hibernation
Press: ? - help, Shift-Dir - straight line, f - wasp
Aim: a wasp (chance to defeat MR: 72%)
You feel a surge of power!
The wasp looks drowsy...
The shambling mangrove misses you.
You puncture the shambling mangrove!
The shambling mangrove is severely damaged.
The wasp buzzes angrily.
Casting: Ensorcelled Hibernation
Confirm with . or Enter, or press ? or * to list all spells.
Aiming: Ensorcelled Hibernation
Press: ? - help, Shift-Dir - straight line, f - wasp, p - wasp
Aim: a wasp (chance to defeat MR: 72%)
Okay, then.
Casting: Ensorcelled Hibernation
Confirm with . or Enter, or press ? or * to list all spells.
Aiming: Confuse
Press: ? - help, Shift-Dir - straight line, f/p - wasp
Aim: a wasp (chance to defeat MR: 85%)
You feel a surge of power!
The wasp appears confused.
The wasp barely misses the wasp.
The shambling mangrove hits you!!
* * * LOW HITPOINT WARNING * * *
Damage: 30 (max 31) Unknown command.
Really read
P - 4 scrolls of teleportation {!r}?
As you read the scroll of teleportation {!r}, it crumbles to dust.
You feel strangely unstable.
Tangled roots snake along the ground.
The shambling mangrove misses you.
Casting: Confuse
Confirm with . or Enter, or press ? or * to list all spells.
Aiming: Ensorcelled Hibernation
Press: ? - help, Shift-Dir - straight line, f - wasp, p - wasp
Aim: a wasp (chance to defeat MR: 72%)
You feel a surge of power!
The wasp looks drowsy...
The helpless wasp fails to defend itself.
You stick the wasp like a pincushion!!!!
You kill the wasp!
Okawaru accepts your kill. The shambling mangrove hits you!!!
You die...

♣.≈§...≈≈≈.♣♣ ♣≈≈≈.≈≈≈....≈.
♣..≈≈≈..≈≈≈≈♣ ♣♣♣♣♣♣♣..≈≈≈..
♣♣.≈≈≈..≈≈≈≈.♣♣♣ ♣≈...≈≈≈≈..
♣.>≈≈.≈≈.......♣♣♣♣.≈≈≈≈≈≈...
♣.≈≈≈≈♣.....≈≈≈.♣♣≈≈≈≈.≈≈...≈
♣♣♣..≈..≈≈≈≈≈≈≈.♣♣≈≈≈≈...≈≈..
♣♣♣♣♣...≈≈≈y.≈≈≈♣♣♣§.≈≈≈.≈≈≈.♣
♣♣♣≈.......≈≈≈....≈♣♣≈.≈≈≈≈≈≈≈♣♣
♣♣≈..≈.....♣♣.≈≈@f...≈≈.≈≈≈...♣♣
≈.≈.≈≈§.≈≈.♣♣♣♣≈♣♣.≈≈.♣≈.≈♣.?≈♣
.≈≈.....≈≈§.♣ ♣♣♣≈≈≈≈.♣♣♣♣♣...♣♣♣
.≈.≈♣≈≈..≈.≈♣♣♣♣♣§........§≈...♣♣
♣.≈♣♣♣♣♣...♣♣..♣≈.........♣≈≈≈..(
♣♣♣♣ ♣♣≈..♣.≈≈..≈f.≈≈≈≈.≈≈.≈≈≈≈≈
♣♣...≈♣≈≈§F(≈..≈≈≈§..<..≈≈≈≈
♣♣♣≈...≈≈.........≈≈...♣≈..≈≈≈
♣♣≈..≈≈≈.♣♣♣≈♣≈...≈≈≈...♣♣♣♣≈≈≈


You could see a shambling mangrove and a wasp (confused).

Vanquished Creatures
  Rupert (Orc:2)
  A fire giant (D:15)
  A frost giant (IceCv)
  An orc warlord (D:11)
  5 ghost moths
  4 emperor scorpions
  A very ugly thing (Swamp:1)
  The ghost of kae the Spry, an adept SpEn of Dithmenos (Spider:1)
  3 entropy weavers
  The ghost of Dirtsage the Pandemonic, a journeyman DsFi of Makhleb (Spider:1)
  2 spark wasps (Spider:4)
  Josephine (Orc:2)
  4 ogre magi (Orc:2)
  13 hydras
  4 centaur warriors
  4 catoblepae
  Erica (D:8)
  2 dancing weapons (D:14)
  2 alligators (Swamp:1)
  A death yak (Lair:5)
  Sonja (Lair:3)
  A swamp dragon (Swamp:1)
  A shambling mangrove (Swamp:1)
  Pikel (D:6)
  An orc knight (Orc:1)
  28 wolf spiders
  19 orb spiders
  6 hill giants
  4 ugly things
  2 orc sorcerers
  A deep elf mage (D:13)
  2 cyclopes
  A manticore (D:11)
  4 centaur zombies
  2 oklob plants (D:14)
  2 hornets
  7 slime creatures
  A moth of wrath (Spider:4)
  9 elephants
  Psyche (D:10)
  5 black mambas
  4 torpor snails
  23 spiny frogs
  2 centaur skeletons
  2 gargoyles
  11 demonic crawlers
  An efreet (D:13)
  5 komodo dragons
  A rime drake (Lair:3)
  21 polar bears
  43 jumping spiders
  4 trolls
  7 giant leeches
  5 boulder beetles
  5 two-headed ogres
  14 blink frogs
  A centaur simulacrum (D:13)
  2 vampires
  79 redbacks
  A water elemental (D:13)
  Sigmund (D:5)
  30 tarantellas
  2 wyverns
  75 yaks
  A shadow (D:15)
  11 wraiths
  A spriggan (Swamp:1)
  A fire elemental (D:12)
  A hog (D:11)
  3 hungry ghosts
  A human (D:11)
  15 vampire mosquitoes
  3 basilisks
  11 hippogriffs
  Grum (D:10)
  A steam dragon (D:11)
  Edmund (D:6)
  4 wargs
  11 insubstantial wisps (Swamp:1)
  2 mottled dragons
  2 hell hounds (D:12)
  2 swamp worms (Swamp:1)
  20 water moccasins
  11 ice beasts
  14 porcupines
  2 black bears
  14 orc warriors
  3 sky beasts
  A phantom (D:11)
  3 eyes of draining
  15 ogres
  10 wasps
  10 centaurs
  13 crocodiles
  18 wolves
  A big kobold (D:11)
  29 giant frogs
  A wyvern zombie (D:8)
  A wyvern skeleton (D:13)
  3 scorpions
  8 electric eels
  5 wights
  A howler monkey (D:4)
  10 crimson imps
  3 giant frog skeletons
  3 hounds
  5 jellies
  24 orc wizards
  15 orc priests
  Terence (D:2)
  7 iguanas
  6 worker ants
  25 sheep
  2 giant frog simulacra (D:13)
  2 hound skeletons
  2 hound zombies
  3 mummies (Ossuary)
  A worker ant zombie (D:8)
  A howler monkey zombie (D:7)
  8 gnolls
  2 howler monkey skeletons
  52 river rats
  12 adders
  2 shadow imps (D:12)
  2 white imps (D:13)
  An ufetubus (D:13)
  An ooze (D:2)
  3 adder zombies (Ossuary)
  A worm (D:4)
  3 dart slugs
  5 giant geckos
  60 orcs
  3 ball pythons
  4 giant cockroaches
  6 goblins
  14 hobgoblins
  4 quokkas
  4 bats
  8 giant newts
  A goblin zombie (Ossuary)
  2 hobgoblin zombies (Ossuary)
  12 kobolds
  3 kobold zombies (Ossuary)
  An orc zombie (Ossuary)
  7 quokka zombies
  6 rats
  2 rat zombies (Ossuary)
  A plant (Lair:3)
1086 creatures vanquished.

Vanquished Creatures (collateral kills)
  Azrael (D:12)
  Urug (D:11)
  A hill giant (D:12)
  2 orc knights
  11 two-headed ogres
  A fire elemental (D:12)
  2 yaks (D:12)
  13 orc warriors
  17 ogres (Orc:2)
  13 wights
  An orc wizard (Orc:2)
  3 orc priests
  A gnoll (D:4)
  14 orcs
81 creatures vanquished.

Vanquished Creatures (others)
  7 dancing weapons
  A tarantella (Spider:1)
  3 redbacks
  2 slaves (D:6)
  A wolf (IceCv)
  A gnoll shaman (D:6)
  A worker ant (D:6)
  3 gnolls (D:6)
  13 fungi
  82 plants
114 creatures vanquished.

Grand Total: 1281 creatures vanquished

Notes
Turn   | Place    | Note
-------+----------+-------------------------------------------
     0 | D:1      | Gorice the Kobold Enchanter began the quest for the Orb.
     0 | D:1      | Reached XP level 1. HP: 10/10 MP: 3/3
   108 | D:1      | Reached skill level 2 in Short Blades
   252 | D:1      | Reached XP level 2. HP: 15/15 MP: 3/5
   313 | D:1      | HP: 3/15 [kobold/short sword of speed (4)]
   316 | D:1      | Reached skill level 3 in Short Blades
   992 | D:1      | Reached skill level 4 in Short Blades
   992 | D:1      | Reached XP level 3. HP: 15/19 MP: 4/6
  1603 | D:2      | Reached XP level 4. HP: 24/24 MP: 7/7
  1718 | D:2      | Noticed Terence
  1905 | D:1      | Reached skill level 5 in Short Blades
  2370 | D:2      | Killed Terence
  2370 | D:2      | Reached XP level 5. HP: 22/28 MP: 0/8
  2604 | D:3      | Reached skill level 6 in Short Blades
  3323 | D:4      | Found Neizuogh's Antique Weapon Shop.
  3527 | D:4      | Found a sand-covered staircase.
  3535 | Ossuary  | Entered an ossuary
  3609 | Ossuary  | HP: 5/28 [mummy (18)]
  3620 | Ossuary  | HP: 6/42 [mummy (9)]
  3625 | Ossuary  | HP: 9/42 [quokka zombie (1)]
  3631 | Ossuary  | Reached XP level 6. HP: 8/32 MP: 6/9
  3646 | Ossuary  | HP: 8/48 [kobold zombie (2)]
  3957 | Ossuary  | Learned a level 3 spell: Confuse
  4210 | D:4      | Reached skill level 4 in Hexes
  4282 | D:4      | Found a deep blue altar of Sif Muna.
  4282 | D:4      | Found a burning altar of Makhleb.
  4555 | D:4      | Reached skill level 7 in Short Blades
  4826 | D:5      | Entered Level 5 of the Dungeon
  4858 | D:5      | Noticed Sigmund
  4883 | D:5      | Killed Sigmund
  4883 | D:5      | Reached skill level 5 in Hexes
  4883 | D:5      | Reached XP level 7. HP: 36/36 MP: 3/10
  4901 | D:5      | Learned a level 2 spell: Ensorcelled Hibernation
  4905 | D:5      | Learned a level 3 spell: Tukima's Dance
  5567 | D:6      | Noticed Edmund
  5630 | D:6      | HP: 9/36 [Edmund/flail of venom (12)]
  5635 | D:6      | HP: 5/36 [poisoned by Edmund]
  5641 | D:6      | HP: 9/36 [poisoned by Edmund]
  5646 | D:6      | HP: 8/36 [poisoned by Edmund]
  5652 | D:6      | HP: 6/36 [poisoned by Edmund]
  5661 | D:5      | HP: 5/36 [poisoned by Edmund]
  5666 | D:5      | HP: 4/36 [poisoned by Edmund]
  5672 | D:5      | HP: 4/36 [poisoned by Edmund]
  5679 | D:5      | HP: 3/36 [poisoned by Edmund]
  5993 | D:5      | Reached skill level 8 in Short Blades
  5993 | D:5      | Reached skill level 6 in Hexes
  6176 | D:5      | Reached XP level 8. HP: 41/41 MP: 4/11
  6545 | D:6      | Noticed Pikel
  6841 | D:7      | Reached skill level 7 in Hexes
  6897 | D:7      | Found a staircase to the Ecumenical Temple.
  6999 | D:7      | Reached skill level 8 in Hexes
  7010 | D:7      | Found a sacrificial altar of Ru.
  7032 | Temple   | Entered the Ecumenical Temple
  7131 | Temple   | Became a worshipper of Warmaster Okawaru
  7157 | D:7      | Found a glowing golden altar of the Shining One.
  7231 | D:7      | Got a pair of scorched gloves
  7237 | D:7      | Identified the +1 pair of gloves of a sewer {rF+} (You found it on level 7 of the Dungeon)
  7449 | D:7      | Reached XP level 9. HP: 45/45 MP: 12/12
  7612 | D:6      | Killed Pikel
  7612 | D:6      | Reached skill level 3 in Spellcasting
  7612 | D:6      | Reached skill level 9 in Hexes
  7707 | D:6      | Learned a level 3 spell: Dazzling Spray
  7768 | D:6      | Killed Edmund
  7768 | D:6      | Reached * piety under Okawaru
  7941 | D:6      | Reached skill level 4 in Spellcasting
  7981 | D:6      | Reached skill level 10 in Hexes
  8028 | D:6      | Found a bloodstained altar of Trog.
  8669 | D:8      | Reached XP level 10. HP: 50/50 MP: 10/17
  8869 | D:8      | Noticed Erica
  8881 | D:8      | Killed Erica
  8881 | D:8      | Reached ** piety under Okawaru
  8881 | D:8      | Reached skill level 5 in Spellcasting
  8881 | D:8      | Reached skill level 11 in Hexes
  9539 | D:9      | Reached *** piety under Okawaru
  9669 | D:9      | Reached skill level 6 in Spellcasting
 10149 | D:9      | Reached skill level 12 in Hexes
 10178 | D:9      | Reached **** piety under Okawaru
 10762 | D:10     | Entered Level 10 of the Dungeon
 10835 | D:10     | Noticed a hill giant
 10837 | D:10     | Killed a hill giant
 10937 | D:10     | Found a portal to a secret trove of treasure.
 10938 | D:10     | Noticed a hill giant
 10970 | D:10     | Killed a hill giant
 10970 | D:10     | Reached XP level 11. HP: 21/54 MP: 16/21
 11404 | D:10     | Reached ***** piety under Okawaru
 11432 | D:10     | Noticed a hill giant
 11460 | D:10     | Killed a hill giant
 11460 | D:10     | Reached skill level 7 in Spellcasting
 11460 | D:10     | Reached skill level 13 in Hexes
 11695 | D:10     | Noticed Grum
 11712 | D:10     | Killed Grum
 11877 | D:10     | Noticed Psyche
 11891 | D:10     | Killed Psyche
 11903 | D:10     | Learned a level 1 spell: Apportation
 12204 | D:11     | Noticed a manticore
 12266 | D:11     | Killed a manticore
 12283 | D:11     | Received a gift from Okawaru
 12326 | D:11     | Got a bloodstained robe {god gift}
 12342 | D:11     | Identified the +1 robe of the Bruised Deaths {Dex+3} (Okawaru gifted it to you on level 11 of the Dungeon)
 12539 | D:11     | Noticed a green ugly thing
 12925 | D:11     | Noticed an elephant
 12926 | D:11     | Found a staircase to the Lair.
 12960 | D:11     | Killed an elephant
 12960 | D:11     | Reached skill level 8 in Spellcasting
 12976 | D:11     | Noticed a hill giant
 13016 | D:11     | Killed a hill giant
 13016 | D:11     | Reached skill level 14 in Hexes
 13032 | D:11     | Noticed Urug
 13242 | D:11     | HP: 9/54 [Urug (13)]
 13243 | D:11     | Killed Urug
 13517 | D:11     | Noticed a green ugly thing
 13532 | D:11     | Killed a green ugly thing
 13537 | D:11     | Found a staircase to the Orcish Mines.
 13575 | D:11     | Reached XP level 12. HP: 56/59 MP: 9/24
 14326 | D:11     | Reached ****** piety under Okawaru
 14326 | D:11     | Received a gift from Okawaru
 14456 | Lair:1   | Entered Level 1 of the Lair of Beasts
 14661 | Lair:1   | Reached skill level 15 in Hexes
 14895 | Lair:1   | Reached skill level 9 in Spellcasting
 14974 | Lair:1   | Reached skill level 3 in Dodging
 14980 | Lair:1   | Reached skill level 1 in Invocations
 15557 | Lair:1   | Reached skill level 2 in Invocations
 15614 | Lair:1   | Received a gift from Okawaru
 15774 | Lair:1   | You fall through a shaft!
 15911 | Lair:1   | Noticed a catoblepas
 16088 | Lair:1   | Reached skill level 4 in Dodging
 16103 | Lair:1   | Reached skill level 1 in Fighting
 16503 | Lair:2   | Reached skill level 2 in Fighting
 16646 | Lair:2   | Gained mutation: Your flesh is heat resistant. (rF+) [potion of beneficial mutation]
 16922 | Lair:2   | Reached skill level 3 in Fighting
 16922 | Lair:2   | Reached skill level 5 in Dodging
 17410 | Lair:3   | Reached skill level 4 in Fighting
 17425 | Lair:3   | Noticed a six-headed hydra
 17483 | Lair:3   | Noticed Sonja
 17502 | Lair:3   | Killed a six-headed hydra
 17502 | Lair:3   | Received a gift from Okawaru
 17502 | Lair:3   | Reached skill level 6 in Dodging
 17523 | Lair:3   | Killed Sonja
 17584 | Lair:3   | Found a hole to the Spider Nest.
 17593 | Lair:3   | Reached skill level 5 in Fighting
 17593 | Lair:3   | Reached XP level 13. HP: 72/72 MP: 26/26
 17652 | Lair:3   | Found a staircase to the Swamp.
 17720 | Lair:3   | HP: 21/72 [yak (6)]
 18032 | Lair:2   | Reached skill level 7 in Dodging
 18179 | Lair:3   | Noticed a six-headed hydra
 18190 | Lair:3   | Killed a six-headed hydra
 18190 | Lair:3   | Reached skill level 6 in Fighting
 18379 | Lair:3   | Reached skill level 8 in Dodging
 19012 | Lair:3   | Reached skill level 7 in Fighting
 19400 | Lair:3   | Reached skill level 9 in Dodging
 19691 | Lair:4   | Reached skill level 8 in Fighting
 19712 | Lair:4   | Received a gift from Okawaru
 20465 | Lair:4   | Reached skill level 10 in Dodging
 21336 | Lair:5   | Reached skill level 9 in Fighting
 21619 | Lair:5   | Noticed a six-headed hydra
 21644 | Lair:5   | Killed a six-headed hydra
 21660 | Lair:5   | Noticed a six-headed hydra
 21698 | Lair:5   | Killed a six-headed hydra
 21886 | Lair:5   | Reached skill level 11 in Dodging
 21962 | Lair:5   | Reached XP level 14. HP: 76/87 MP: 22/27
 22299 | Lair:6   | Entered Level 6 of the Lair of Beasts
 22536 | Lair:6   | Received a gift from Okawaru
 22536 | Lair:6   | Reached skill level 10 in Fighting
 22537 | Lair:6   | Got a pair of faintly humming boots {god gift}
 22651 | Lair:6   | Identified the +2 pair of boots of Resonance {-Tele rCorr Str+2 Dex+3} (Okawaru gifted it to you on level 6 of the Lair of Beasts)
 23252 | Lair:6   | Reached skill level 12 in Dodging
 23699 | Lair:6   | Reached skill level 11 in Fighting
 24511 | Lair:6   | Reached skill level 13 in Dodging
 24648 | Lair:5   | HP: 6/91 [death yak (28)]
 24653 | Lair:5   | HP: 13/91 [death yak (17)]
 25091 | Lair:6   | Received a gift from Okawaru
 25237 | Lair:6   | Got a bound wooden ring
 25241 | Lair:6   | Identified the ring of Etry {+Blink SInv} (You found it on level 6 of the Lair of Beasts)
 25490 | Lair:6   | Reached skill level 12 in Fighting
 26099 | Lair:6   | Found a staircase to the Slime Pits.
 26100 | Lair:6   | Found a viscous altar of Jiyva.
 26531 | Orc:1    | Entered Level 1 of the Orcish Mines
 26594 | Orc:1    | Found a roughly hewn altar of Beogh.
 26819 | Orc:1    | Noticed an orc warlord
 26931 | Orc:1    | Reached XP level 15. HP: 97/97 MP: 23/28
 27351 | D:11     | Killed an orc warlord
 27595 | Orc:1    | Reached skill level 14 in Dodging
 27795 | Orc:2    | Entered Level 2 of the Orcish Mines
 27810 | Orc:2    | Found a staircase to the Elven Halls.
 27868 | Orc:2    | Noticed Rupert
 27893 | Orc:2    | Killed Rupert
 28111 | Orc:2    | Found an iron altar of Okawaru.
 28317 | Orc:2    | Reached skill level 13 in Fighting
 28379 | Orc:2    | Found Fazib's Distillery.
 28379 | Orc:2    | Found Buptov's General Store.
 28380 | Orc:2    | Found Onkucour's General Store.
 28380 | Orc:2    | Found Paff's Antique Armour Boutique.
 28694 | Orc:2    | Noticed Josephine
 28933 | Orc:2    | Killed Josephine
 29745 | Orc:2    | Bought 3 scrolls of blinking for 337 gold pieces
 29745 | Orc:2    | Bought a scroll of teleportation for 45 gold pieces
 29745 | Orc:2    | Bought a potion of heal wounds for 75 gold pieces
 29746 | Orc:2    | Bought a potion of cancellation for 136 gold pieces
 29748 | Orc:2    | Bought a shimmering leather armour for 154 gold pieces
 29759 | Orc:2    | Identified the +2 leather armour "Rolar" {rN+++ Str+3 Int-4} (You bought it in a shop on level 2 of the Orcish Mines)
 29838 | Orc:2    | Bought a glowing robe for 15 gold pieces
 30032 | Orc:2    | Reached skill level 15 in Dodging
 30225 | D:12     | Noticed Azrael
 30322 | D:12     | Received a gift from Okawaru
 30473 | D:12     | Got a twisted plate armour
 30650 | D:12     | Killed Azrael
 30650 | D:12     | Reached skill level 14 in Fighting
 31805 | D:13     | Found a frozen archway.
 31844 | IceCv    | Entered an ice cave
 32675 | IceCv    | HP: 29/116 [ice statue] (24)]
 32890 | IceCv    | Received a gift from Okawaru
 32903 | IceCv    | Reached XP level 16. HP: 107/107 MP: 10/29
 33054 | IceCv    | Noticed a frost giant
 33193 | IceCv    | HP: 31/122 [frost giant/bolt of cold (54)]
 33493 | IceCv    | Killed a frost giant
 33493 | IceCv    | Reached skill level 16 in Dodging
 33508 | IceCv    | Learned a level 1 spell: Summon Butterflies
 33515 | IceCv    | Learned a level 6 spell: Invisibility
 33532 | IceCv    | Identified the Handbook of the Nine Seas
 33953 | D:13     | Reached skill level 3 in Invocations
 34138 | Lair:1   | Identified the +3 plate armour of Nyjuj {rC+ Stlth+} (You took it off an orc on level 12 of the Dungeon)
 34509 | D:13     | Reached skill level 4 in Invocations
 34528 | D:13     | Reached skill level 15 in Fighting
 34921 | D:13     | Reached skill level 9 in Short Blades
 34946 | D:13     | Reached skill level 5 in Invocations
 35127 | D:13     | Received a gift from Okawaru
 35842 | D:14     | Found a gate to the Vaults.
 36232 | D:14     | Reached skill level 6 in Invocations
 36243 | D:14     | Found a shadowy altar of Dithmenos.
 36350 | D:14     | Found a blossoming altar of Fedhas.
 36480 | D:14     | Reached skill level 10 in Short Blades
 36902 | D:14     | Found a blossoming altar of Fedhas.
 37013 | D:15     | Entered Level 15 of the Dungeon
 37042 | D:15     | Got a scorched jade ring
 37044 | D:15     | Identified the ring "Nior" {Int+5 Stlth+} (You found it on level 15 of the Dungeon)
 37160 | D:15     | Reached skill level 5 in Stealth
 37236 | D:15     | Found a staircase to the Depths.
 37236 | D:15     | Noticed a fire giant
 37253 | D:15     | Killed a fire giant
 37253 | D:15     | Reached skill level 7 in Invocations
 37323 | D:15     | Reached skill level 6 in Stealth
 38004 | Spider:1 | Entered Level 1 of the Spider Nest
 38207 | Spider:1 | Reached skill level 7 in Stealth
 38225 | Spider:1 | HP: 32/123 [entropy weaver (17)]
 38227 | Spider:1 | HP: 4/123 [redback (14)]
 38417 | Spider:1 | Reached skill level 8 in Invocations
 38495 | Spider:1 | Noticed Dirtsage's ghost (journeyman DsFi)
 38791 | Spider:1 | Reached skill level 8 in Stealth
 38940 | Spider:1 | Killed Dirtsage's ghost
 38940 | Spider:1 | Reached XP level 17. HP: 89/113 MP: 5/30
 39077 | Spider:1 | Received a gift from Okawaru
 39265 | Spider:1 | Reached skill level 9 in Stealth
 39265 | Spider:1 | Reached skill level 9 in Invocations
 39303 | Spider:1 | Reached skill level 1 in Translocations
 39323 | Spider:1 | Reached skill level 1 in Summonings
 39354 | Spider:1 | Noticed kae's ghost (adept SpEn)
 39429 | Spider:1 | Killed kae's ghost
 39607 | Spider:1 | Reached skill level 2 in Translocations
 39665 | Spider:1 | Reached skill level 2 in Summonings
 40108 | Spider:2 | Reached skill level 10 in Stealth
 40131 | Spider:2 | Reached skill level 3 in Summonings
 40131 | Spider:2 | Reached skill level 3 in Translocations
 40400 | Spider:2 | Reached skill level 1 in Evocations
 40408 | Spider:2 | Reached skill level 2 in Evocations
 40648 | Spider:2 | Reached skill level 3 in Evocations
 40764 | Spider:2 | Reached skill level 4 in Evocations
 41086 | Spider:2 | Reached skill level 5 in Evocations
 41311 | Spider:3 | Received a gift from Okawaru
 41406 | Spider:3 | Reached skill level 6 in Evocations
 41825 | Spider:3 | Reached skill level 7 in Evocations
 42505 | Spider:4 | Entered Level 4 of the Spider Nest
 42806 | Spider:3 | Reached skill level 8 in Evocations
 43083 | Spider:4 | Reached skill level 10 in Spellcasting
 43111 | Spider:4 | Reached XP level 18. HP: 119/119 MP: 20/32
 43124 | Spider:4 | Reached skill level 9 in Evocations
 43364 | Spider:4 | Got a faintly glowing leather armour
 43699 | Spider:4 | Reached skill level 10 in Evocations
 43883 | Spider:4 | Reached skill level 11 in Stealth
 44227 | Spider:4 | Reached skill level 11 in Evocations
 44262 | Spider:4 | Got a gossamer rune of Zot
 44549 | Lair:1   | Identified the +3 leather armour "Quwopiq" {rF+} (You found it on level 4 of the Spider Nest)
 44642 | Swamp:1  | Entered Level 1 of the Swamp
 44684 | Swamp:1  | Received a gift from Okawaru
 44735 | Swamp:1  | Got an encrusted scale mail {god gift}
 44787 | Swamp:1  | Reached skill level 12 in Stealth
 44896 | Swamp:1  | Reached skill level 12 in Evocations
 45523 | Swamp:1  | HP: 29/134 [shambling mangrove (31)]
 45526 | Swamp:1  | Mangled by a shambling mangrove

Vault maps used:
D:1:      minmay_arrival_open_corners
D:2:      uniq_terence
D:4:      gammafunk_temple_overflow_statue, enter_ossuary_2, first_bread,
          serial_shops, shop, item_on_display_a
D:5:      sigmund_army, uniq_sigmund
D:6:      nicolae_overflow_hidden_temple, st_stairs_7, uniq_edmund, uniq_pikel
D:7:      lemuel_crystal_altar, lemuel_doored_altar
D:8:      uniq_erica
D:9:      fungi_pond_lemuel, minmay_misc_feat_iff
D:10:     enter_trove_2, uniq_psyche, uniq_grum
D:11:     david_lair_generic, grunt_livestock, uniq_urug
D:12:     st_stairs_6, minmay_guarded_unrand_finisher, uniq_azrael
D:13:     portal_ice_cave_entry_pillars_2, serial_ice, serial_ice_m,
          serial_ice_n, serial_ice_f, serial_ice_a, serial_ice_l, serial_ice_d,
          serial_ice_e, serial_ice_o, serial_ice_g, serial_ice_h,
          kennysheep_small_spiral
D:14:     erik_vaults_1, nicolae_dithmenos_through_a_glass_darkly,
          hangedman_tree_tricks, fedhas_altar_3
D:15:     grunt_enter_depths_giant_problem, grunt_decor_mini_mirrors
Temple:   compressed_dpeg_circular_temple
Lair:3:   minmay_swamp_entry_swarm, spider_nest_entry_rubble, serial_forest,
          infiniplex_forest_corner_2, infiniplex_forest_clump_long,
          infiniplex_forest_lined_ring, infiniplex_forest_lined_corner,
          infiniplex_forest_lined_2, infiniplex_forest_end_2,
          infiniplex_forest_clump_small, infiniplex_forest_clump_medium,
          serial_bayou_shore_b, uniq_sonja
Lair:4:   cheibrodos_lair_reptile_den, lemuel_fruit_tree, serial_bayou_shore_a
Lair:5:   lemuel_fruit_fields
Lair:6:   minmay_lair_end_frog_pond, slime_altar_1
Swamp:1:  hangedman_swamp_cone, swamp_pool3
Spider:1: spider_trap, nicolae_spider_shape
Spider:2: guppyfry_spider_mini_1
Spider:4: spider_rune_water
Orc:1:    basic_altar
Orc:2:    st_orc_ogre_mass, okawaru_metal_pillars_3, uniq_josephine, uniq_rupert
Ossuary:  ossuary_minmay_chase
IceCv:    ice_cave_caverns_01

Skill      XL: |  1  2  3  4  5  6  7  8  9 10 11 12 13 14 15 16 17 18 |
---------------+-------------------------------------------------------+-----
Short Blades   | 2 4 5 6 7 8 10 | 10.0
Hexes          | 5 6 8 10 12 14 15 | 15.1
Spellcasting   | 4 6 8 9 10 | 10.0
Dodging        | 6 11 13 15 16 | 16.2
Invocations    | 2 8 9 |  9.0
Fighting       | 5 9 12 14 15 | 15.0
Stealth        | 8 10 12 | 12.0
Translocations | 3 |  3.5
Summonings     | 3 |  3.6
Evocations     | 8 12 | 12.0

Action                   |  1- 3 |  4- 6 |  7- 9 | 10-12 | 13-15 | 16-18 || total
-------------------------+-------+-------+-------+-------+-------+-------++-------
Melee: Dagger            |    20 |       |       |    93 |    90 |    30 ||   233
       Short sword       |    45 |   338 |   270 |   657 |  1962 |   149 ||  3421
       Punch             |       |       |       |       |    10 |     4 ||    14
       Quick blade       |       |       |       |       |       |  1292 ||  1292
 Fire: Hunting sling     |       |    31 |    31 |    74 |       |       ||   136
       Greatsling        |       |       |       |     5 |    31 |       ||    36
Throw: Stone             |     2 |     3 |       |       |       |       ||     5
       Tomahawk          |       |       |       |       |       |     1 ||     1
 Cast: Corona            |    15 |    62 |    14 |     7 |     5 |     5 ||   108
       Confuse           |       |     4 |    45 |   162 |   295 |   163 ||   669
       Ensorcelled Hiber |       |       |    12 |    58 |   209 |   370 ||   649
       Tukima's Dance    |       |       |     1 |     8 |   104 |    11 ||   124
       Dazzling Spray    |       |       |       |       |    25 |    44 ||    69
       Apportation       |       |       |       |       |     3 |     1 ||     4
       Invisibility      |       |       |       |       |       |     5 ||     5
Invok: Heroism           |       |       |       |       |     8 |    13 ||    21
 Abil: Evoke Flight      |       |       |       |       |     1 |     2 ||     3
Evoke: Wand              |       |       |       |     2 |     2 |     1 ||     5
  Use: Scroll            |     4 |     8 |     3 |    11 |    14 |     7 ||    47
       Potion            |       |     3 |     2 |     1 |     4 |     6 ||    16
 Stab: Sleeping          |    12 |     4 |    15 |    58 |   133 |   264 ||   486
       Confused          |       |     3 |    27 |   127 |   275 |   136 ||   568
       Invisible         |       |       |       |       |     9 |    36 ||    45
       Distracted        |       |       |       |       |     6 |     2 ||     8
       Held in net/web   |       |       |       |       |       |     1 ||     1
  Eat: Chunk             |    11 |    12 |    17 |    35 |    49 |    44 ||   168
Armor: Robe              |    11 |    34 |    27 |    54 |   145 |   200 ||   471
       Skin              |       |    49 |       |       |       |       ||    49
Dodge: Dodged            |    36 |   185 |   106 |   232 |  1239 |  1316 ||  3114

Table legend:
 A = Turns spent in this place as a percentage of turns spent in the entire game.
 B = Non-inter-level travel turns spent in this place as a percentage of non-inter-level travel turns spent in the entire game.
 C = Inter-level travel turns spent in this place as a percentage of turns spent in this place.
 D = Turns resting spent in this place as a percentage of non-inter-level travel turns spent in this place.
 E = Turns spent auto-exploring this place as a percentage of non-inter-level travel turns spent in this place.
 F = Non-inter-level travel turns spent in this place divided by the number of levels of this place that you've seen.
                   A       B       C       D       E      F
               +-------+-------+-------+-------+-------+----------------------
         Total | 100.0 | 100.0 |   0.4 |   3.0 |   2.8 | 670.1
       Dungeon |  39.0 |  39.0 |   0.4 |   2.4 |   3.8 | 539.7
        Temple |   0.2 |   0.2 |   2.6 |   0.0 |  43.2 |  37.0
          Lair |  28.5 |  28.5 |   0.4 |   3.2 |   2.1 | 985.2
         Swamp |   1.7 |   1.7 |   0.0 |   2.5 |   4.5 | 354.0
   Spider Nest |  14.5 |  14.5 |   0.3 |   4.1 |   2.4 | 752.2
  Orcish Mines |   9.6 |   9.6 |   0.3 |   1.7 |   1.6 | 993.0
       Ossuary |   1.6 |   1.6 |   0.0 |   9.9 |   0.9 | 324.0
      Ice Cave |   5.1 |   5.1 |   0.0 |   2.8 |   0.2 | 1056.0
               +-------+-------+-------+-------+-------+----------------------

Vault maps used:
D:1:      minmay_arrival_open_corners
D:2:      uniq_terence
D:4:      gammafunk_temple_overflow_statue, enter_ossuary_2, first_bread,
          serial_shops, shop, item_on_display_a
D:5:      sigmund_army, uniq_sigmund
D:6:      nicolae_overflow_hidden_temple, st_stairs_7, uniq_edmund, uniq_pikel
D:7:      lemuel_crystal_altar, lemuel_doored_altar
D:8:      uniq_erica
D:9:      fungi_pond_lemuel, minmay_misc_feat_iff
D:10:     enter_trove_2, uniq_psyche, uniq_grum
D:11:     david_lair_generic, grunt_livestock, uniq_urug
D:12:     st_stairs_6, minmay_guarded_unrand_finisher, uniq_azrael
D:13:     portal_ice_cave_entry_pillars_2, serial_ice, serial_ice_m,
          serial_ice_n, serial_ice_f, serial_ice_a, serial_ice_l, serial_ice_d,
          serial_ice_e, serial_ice_o, serial_ice_g, serial_ice_h,
          kennysheep_small_spiral
D:14:     erik_vaults_1, nicolae_dithmenos_through_a_glass_darkly,
          hangedman_tree_tricks, fedhas_altar_3
D:15:     grunt_enter_depths_giant_problem, grunt_decor_mini_mirrors
Temple:   compressed_dpeg_circular_temple
Lair:3:   minmay_swamp_entry_swarm, spider_nest_entry_rubble, serial_forest,
          infiniplex_forest_corner_2, infiniplex_forest_clump_long,
          infiniplex_forest_lined_ring, infiniplex_forest_lined_corner,
          infiniplex_forest_lined_2, infiniplex_forest_end_2,
          infiniplex_forest_clump_small, infiniplex_forest_clump_medium,
          serial_bayou_shore_b, uniq_sonja
Lair:4:   cheibrodos_lair_reptile_den, lemuel_fruit_tree, serial_bayou_shore_a
Lair:5:   lemuel_fruit_fields
Lair:6:   minmay_lair_end_frog_pond, slime_altar_1
Swamp:1:  hangedman_swamp_cone, swamp_pool3
Spider:1: spider_trap, nicolae_spider_shape
Spider:2: guppyfry_spider_mini_1
Spider:4: spider_rune_water
Orc:1:    basic_altar
Orc:2:    st_orc_ogre_mass, okawaru_metal_pillars_3, uniq_josephine, uniq_rupert
Ossuary:  ossuary_minmay_chase
IceCv:    ice_cave_caverns_01
